Map: 서브머린 - 래더

Players

Zest - Winner!

  • Race: Protoss Protoss
  • Spawn Location: 11:00

PtitDrogo

  • Race: Protoss Protoss
  • Spawn Location: 5:00

Event: StayAtHomestory Cup #2

VOD

Have the link to the VOD?

Description

Time

  • Played on: June 12, 2020, 4:25 p.m.
  • Length: 10:38

All games in this series

Show
View Real Time Build Order
Export as new Build Order

Zest Protoss - Winner!

Build Orders:  

Get SALT Encoding   

  12  0:01  Probe  
  13  0:13  Probe  
  14  0:17  Pylon  
  14  0:24  Probe  
  15  0:32  Probe  
  15  0:37  Gateway  
  15  0:40  Probe  
  16  0:46  Assimilator  
  17  0:51  Probe  
  17  0:54  Assimilator  
  18  1:00  Probe  
  19  1:07  Gateway  
  19  1:08  Probe  
  19  1:17  Probe  
  20  1:24  Cybernetics Core  
  21  1:30  Probe  
  22  1:34  Pylon  
  22  1:42  Probe  
  23  1:50  Warp Gate  
  23  1:54  Probe  
  24  2:00  Adept x2  
  28  2:12  Pylon  
  28  2:30  Stalker x2  
  32  2:44  Nexus  
  32  3:00  Sentry, Shield Battery  
  32  3:01  Sentry  
  32  3:04  Probe  
  37  3:09  Robotics Facility  
  37  3:15  Pylon  
  37  3:21  Probe  
  38  3:31  Probe  
  39  3:39  Probe  
  39  3:46  Warp Prism  
  39  3:48  Probe  
  39  4:00  Sentry x2  
  45  4:23  Immortal  
  47  4:25  Stalker x2  
  51  4:33  Gateway  
  51  4:43  Shield Battery  
  51  4:49  Immortal  
  51  4:52  Zealot x2  
  45  5:12  Twilight Council  
  45  5:21  Probe x2  
  45  5:24  Stalker x2  
  51  5:31  Stalker  
  47  5:45  Immortal, Resonating Glaives  
  47  5:48  Pylon  
  51  5:50  Adept  
  53  5:58  Probe  
  54  6:18  Gateway x2  
  54  6:22  Adept x2  
  58  6:31  Adept  
  60  6:34  Pylon  
  60  6:42  Pylon  
  60  6:46  Observer  
  61  6:49  Pylon  
  61  6:53  Adept x3  
  67  7:07  Pylon  
  67  7:17  Adept x4  
  67  7:18  Adept  
  55  7:43  Adept x4  
  53  7:50  Adept  
  35  8:07  Stalker  
  35  8:08  Stalker  
  39  8:26  Adept x2  
  38  8:34  Adept  
  40  8:45  Warp Prism  
  35  9:10  Stalker  
  37  9:34  Adept x2  
  37  9:35  Adept  
  43  9:53  Adept x2  
  39  10:29  Adept x4  
Show
View Real Time Build Order
Export as new Build Order

PtitDrogo Protoss 

Build Orders:  

Get SALT Encoding   

  12  0:00  Probe  
  13  0:12  Probe  
  14  0:17  Pylon  
  14  0:25  Probe  
  15  0:33  Probe  
  15  0:36  Gateway  
  15  0:41  Probe  
  16  0:46  Assimilator  
  17  0:51  Probe  
  17  0:55  Assimilator  
  18  0:59  Probe  
  19  1:08  Probe  
  19  1:11  Gateway  
  19  1:17  Probe  
  20  1:23  Cybernetics Core  
  21  1:29  Probe  
  22  1:35  Pylon  
  22  1:41  Probe  
  23  1:52  Warp Gate  
  23  1:53  Probe  
  24  1:59  Stalker  
  24  2:00  Sentry  
  28  2:11  Pylon  
  28  2:12  Probe  
  29  2:20  Pylon  
  29  2:31  Stalker x2  
  33  2:49  Nexus  
  33  2:55  Pylon  
  33  3:01  Shield Battery  
  33  3:06  Sentry x2  
  33  3:10  Probe  
  38  3:18  Gateway  
  38  3:24  Probe  
  39  3:38  Probe  
  40  3:41  Shield Battery  
  40  3:43  Stalker x2  
  44  4:07  Adept x2  
  42  4:24  Stalker  
  42  4:25  Probe x2  
  42  4:28  Stalker x2  
  50  4:34  Robotics Facility  
  50  4:38  Probe  
  48  4:50  Adept  
  42  4:54  Stalker x2  
  40  5:13  Adept  
  40  5:17  Adept x2  
  43  5:27  Probe  
  43  5:28  Immortal  
  44  5:38  Probe  
  44  5:41  Probe  
  50  5:46  Stalker x2  
  54  5:50  Probe  
  54  5:53  Probe  
  56  5:59  Warp Prism  
  56  6:03  Probe  
  57  6:05  Probe  
  58  6:16  Probe  
  59  6:19  Sentry  
  59  6:22  Pylon  
  59  6:25  Pylon  
  61  6:29  Shield Battery  
  61  6:31  Immortal  
  61  6:36  Probe  
  62  6:40  Probe  
  62  6:45  Pylon  
  62  6:47  Adept  
  69  6:52  Gateway  
  69  7:07  Adept x2  
  73  7:29  Stalker x2  
  56  7:48  Adept  
  46  7:58  Adept x2  
  33  8:26  Adept x3  
  33  8:31  Probe  
  32  8:39  Probe  
  32  8:40  Probe  
  31  8:47  Adept x2  
  31  8:48  Adept  
  38  8:51  Probe  
  34  8:58  Probe  
  35  9:03  Probe  
  36  9:12  Robotics Bay  
  36  9:16  Probe  
  37  9:25  Probe  
  37  9:28  Probe  
  39  9:37  Probe  
  40  9:40  Probe  
  41  9:49  Probe  
  41  9:51  Adept  
  37  10:19  Probe x2  
Tags
 
Add a new tag
Caveats
  • Supply blocks, unpowered buildings, or Contaminate may cause inaccurate times.
  • Supply counts are checked every 10 seconds.